 Dungeon Crawl Stone Soup version 0.29-a0-982-gaed3a0c8d8 (webtiles) character file.

Game seed: 13383761662306042041

17737 enile the Covert (level 12, -6/92 HPs)
             Began as a Gnoll Wanderer on Aug 1, 2022.
             Was a High Priest of Kikubaaqudgha.
             Mangled by a five-headed hydra (12 damage)
             ... on level 2 of the Lair of Beasts.
             The game lasted 00:27:43 (10297 turns).

enile the Covert (Gnoll Wanderer)                  Turns: 10297, Time: 00:27:44

Health: -6/92      AC: 10    Str: 12    XL:     12   Next: 51%
Magic:  23/23      EV: 17    Int: 13    God:    Kikubaaqudgha [*****.]
Gold:   765        SH:  9    Dex: 21    Spells: 18/26 levels left

rFire   + . .      SeeInvis .   y - +5 short sword (elec)
rCold   + + .      Faith    .   f - +2 buckler {AC+3}
rNeg    . . .      Spirit   .   Q - +1 robe {rC+ rF+}
rPois   +          Reflect  .   (no helmet)
rElec   .          Harm     .   (no cloak)
rCorr   .          Rampage  .   (no gloves)
Will    .....                   (no boots)
Stlth   +++++.....              A - amulet "Jebupim" {rPois rC+ Regen+}
HPRegen 1.05/turn               P - +4 ring of protection
MPRegen 0.18/turn               M - +6 ring of dexterity

@: no status effects
A: fangs 1, strong nose, distributed training
a: Renounce Religion, Unearth Wretches, Torment


You were on level 2 of the Lair of Beasts.
You worshipped Kikubaaqudgha.
Kikubaaqudgha was extremely pleased with you.
You visited 2 branches of the dungeon, and saw 14 of its levels.
You also visited: Sewer.

You collected 765 gold pieces.

Inventory:

Hand Weapons
 a - a +3 dagger
 c - a +0 quarterstaff
 d - a +1 scimitar
 s - a +0 rapier
 w - a +1 hand axe of electrocution
 y - a +5 short sword of electrocution (weapon)
 F - a +3 vorpal long sword
 J - a +4 dire flail of draining
Missiles
 p - 4 curare-tipped darts
 t - 19 poisoned darts (quivered)
 C - 5 boomerangs
Armour
 e - a +0 leather armour
 f - a +2 buckler of protection (worn)
 o - the +8 chain mail "Fenok" {Str+3}
   (You found it on level 11 of the Dungeon)

   Str:       It affects your strength (+3).
 B - a +1 leather armour of willpower
 I - a +3 scale mail of willpower
 Q - a +1 robe of resistance (worn)
Jewellery
 g - a ring of ice
 u - a ring of protection from fire
 A - the amulet "Jebupim" (around neck) {rPois rC+ Regen+}
   (You took it off an orc on level 6 of the Dungeon)

   [amulet of regeneration]

   rC:        It protects you from cold.
   rPois:     It protects you from poison.
   Regen:     It increases your rate of health regeneration.
 M - a +6 ring of dexterity (right hand)
 O - a ring of flight
 P - a +4 ring of protection (left hand)
Wands
 E - a wand of roots (12)
 K - a wand of polymorph (16)
 L - a wand of charming (11)
 N - a wand of flame (24)
Scrolls
 l - a scroll of poison
 q - 3 scrolls of vulnerability
 r - 3 scrolls of blinking
 D - a scroll of amnesia
 H - 2 scrolls of teleportation
 R - a scroll of immolation {unknown}
Potions
 b - 2 potions of heal wounds
 h - 2 potions of brilliance
 i - 2 potions of attraction
 j - 8 potions of curing
 k - 2 potions of flight
 m - 3 potions of might
 n - 2 potions of magic
 v - 4 potions of lignification
 x - 4 potions of haste {unknown}
 z - a potion of resistance {unknown}
 G - a potion of cancellation {unknown}


   Skills:
 + Level 8.1 Fighting
 + Level 7.6 Short Blades
 + Level 7.6 Long Blades
 + Level 7.6 Axes
 + Level 7.6 Maces & Flails
 + Level 7.6 Polearms
 + Level 10.1 Staves
 + Level 7.6 Ranged Weapons
 + Level 7.6 Throwing
 + Level 7.6 Armour
 + Level 8.1 Dodging
 + Level 12.1 Stealth
 + Level 7.6 Shields
 + Level 7.6 Unarmed Combat
 + Level 7.6 Spellcasting
 + Level 6.3 Conjurations
 + Level 6.3 Hexes
 + Level 6.3 Summonings
 + Level 6.3 Necromancy
 + Level 6.3 Translocations
 + Level 6.3 Transmutations
 + Level 6.3 Fire Magic
 + Level 6.3 Ice Magic
 + Level 6.3 Air Magic
 + Level 6.3 Earth Magic
 + Level 6.3 Poison Magic
 + Level 8.4 Invocations
 + Level 7.6 Evocations


You had 18 spell levels left.
You knew the following spells:

 Your Spells              Type           Power      Damage    Failure   Level
a - Animate Dead          Necr           21%        N/A       13%         4
b - Anguish               Hex/Necr       10%        N/A       13%         4

Your spell library contained the following spells:

 Spells                   Type           Power      Damage    Failure   Level
 Necrotise                Necr           84%        1d8       1%          1
 Gell's Gravitas          Tloc           21%        N/A       3%          3
 Teleport Other           Tloc           21%        N/A       3%          3
 Vampiric Draining        Necr           21%        2d7       3%          3
 Corpse Rot               Necr/Pois/Air  21%        N/A       13%         4
 Dispel Undead            Necr           21%        3d11      13%         4
 Agony                    Necr           21%        N/A       34%         5
 Borgnjor's Vile Clutch   Necr/Erth      10%        N/A       34%         5
 Dispersal                Tloc           10%        N/A       89%         6
 Simulacrum               Ice/Necr       10%        N/A       89%         6


Dungeon Overview and Level Annotations

Branches:
Dungeon (11/15)            Temple (0/1) D:7            Lair (3/5) D:11
 Shoals (0/4) Lair:2          Orc (0/2) D:9           Sewer (visited)
  Snake: Lair:2-3    Spider: Lair:2-3

Altars:
Cheibriados
Elyvilon
Kikubaaqudgha
Nemelex Xobeh
Trog
Vehumet

Shops:
D:5 =

Annotations:
D:1 1 runed translucent door
D:7 exclusion: gargoyle
D:10 3 runed translucent doors, exclusion: orange crystal statue


Innate Abilities, Weirdness & Mutations

You have very sharp teeth.
Your uncanny sense of smell can sniff out nearby items.
Your experience applies equally to all skills.


Message History

The death yak escapes!
The death yak struggles to escape constriction.
The grasping roots constrict the death yak!!
You kill the death yak!
Kikubaaqudgha accepts your kill. The death yak closely misses you.
There is a stone staircase leading up here.
You block the death yak's attack.
You climb upwards.
You feel yourself speed up.
The water moccasin completely misses you.
The five-headed hydra barely misses you.
The five-headed hydra bites you but does no damage.
You block the five-headed hydra's attack. x2
The five-headed hydra bites you but does no damage.
The seven-headed hydra misses you. The seven-headed hydra bites you!
The seven-headed hydra bites you but does no damage.
You block the seven-headed hydra's attack.
The seven-headed hydra bites you!
The seven-headed hydra barely misses you.
The seven-headed hydra bites you!
* * * LOW HITPOINT WARNING * * *
The water moccasin misses you.
The five-headed hydra bites you but does no damage.
You block the five-headed hydra's attack.
The five-headed hydra bites you.
* * * LOW HITPOINT WARNING * * *
The five-headed hydra bites you.
* * * LOW HITPOINT WARNING * * *
The five-headed hydra completely misses you.
The seven-headed hydra bites you but does no damage.
The seven-headed hydra misses you. The seven-headed hydra bites you.
* * * LOW HITPOINT WARNING * * *
The seven-headed hydra bites you but does no damage. x2
The seven-headed hydra closely misses you.
The seven-headed hydra bites you!
* * * LOW HITPOINT WARNING * * *
The water moccasin closely misses you. The five-headed hydra bites you!
You die...
Kikubaaqudgha rasps: "You have failed me!
Welcome... death!"

##........####.##.รท.##
#####.... ##....#.###
#####...##..##.#...
#.####...#
#.........###..
######..##
###..........##.. #.#...#
##...##...##.. ## ##..###
##......####
#..###.P.#####......#####
........P#....S.D#......#
..............Y@####...##
##..../........D.# ##...#
##...............##...##
#.................#...#
#...................(..#
..#..................(.#
!.....................##
.....................#
....................##


You could see a death yak, a seven-headed hydra, a five-headed hydra and a water
moccasin.

Vanquished Creatures
  A boulder beetle (D:11)
  2 two-headed ogres
  A death yak (Lair:3)
  A centaur warrior (D:11)
  2 manticores
  Maurice (D:9)
  4 black mambas
  2 cane toads
  A gargoyle (D:11)
  3 komodo dragons
  A kobold demonologist (D:7)
  A wind drake (Lair:2)
  2 trolls (D:10)
  2 hornets
  4 blink frogs (Lair:2)
  A vampire (D:10)
  2 shadows (D:11)
  8 yaks
  Eustachio (D:4)
  Grum (D:9)
  3 vampire mosquitoes
  2 steam dragons
  Menkaure (D:7)
  Edmund (D:6)
  12 water moccasins
  6 black bears
  2 sky beasts
  4 orc warriors
  4 ogres
  2 wolves (D:9)
  2 centaurs (D:9)
  A phantom (D:4)
  3 kobold brigands
  11 bullfrogs
  2 gnoll sergeants
  A scorpion (D:6)
  6 wights
  6 killer bees
  2 howler monkeys
  3 hounds
  4 jellies
  5 orc priests
  A gnoll bouda (D:9)
  5 iguanas
  13 orc wizards
  12 gnolls
  A river rat (D:3)
  11 adders
  3 shadow imps
  A white imp (D:6)
  An ufetubus (D:4)
  3 worms
  A dart slug (D:5)
  49 orcs
  10 ball pythons
  4 endoplasms
  7 giant cockroaches
  6 goblins
  6 hobgoblins
  4 jackals (D:4)
  14 quokkas
  3 bats (D:1)
  14 frilled lizards
  14 kobolds
  7 rats
314 creatures vanquished.

Vanquished Creatures (collateral kills)
  2 orcs (D:9)
2 creatures vanquished.

Vanquished Creatures (others)
  A black mamba zombie (Lair:3)
  A water moccasin (Lair:2)
  An orc warrior (D:9)
  A butterfly (D:4)
  30 fungi
  37 plants
71 creatures vanquished.

Grand Total: 387 creatures vanquished

Notes
Turn   | Place    | Note
-------+----------+-------------------------------------------
     0 | D:1      | Reached skill level 9 in Stealth
     0 | D:1      | enile the Gnoll Wanderer began the quest for the Orb.
     0 | D:1      | enile set off with the following items: a +3 dagger, a
                  | potion of heal wounds, a +0 quarterstaff, a scroll of
                  | butterflies, a +0 leather armour.
     0 | D:1      | Reached XP level 1. HP: 17/17 MP: 1/1
     2 | D:1      | Found a runed translucent door.
   342 | D:1      | Reached XP level 2. HP: 23/23 MP: 2/2
   994 | D:2      | Reached XP level 3. HP: 28/28 MP: 3/3
  1114 | D:2      | Found a faded altar of an unknown god.
  1122 | D:2      | Prayed at the altar of an unknown god.
  1122 | D:2      | Became a worshipper of Kikubaaqudgha
  1122 | D:2      | Reached * piety under Kikubaaqudgha
  1122 | D:2      | Received a gift from Kikubaaqudgha
  1137 | D:2      | Reached skill level 1 in Invocations
  1512 | D:2      | Reached skill level 1 in Short Blades
  1512 | D:2      | Reached skill level 1 in Long Blades
  1512 | D:2      | Reached skill level 1 in Axes
  1512 | D:2      | Reached skill level 1 in Maces & Flails
  1512 | D:2      | Reached skill level 1 in Polearms
  1512 | D:2      | Reached skill level 1 in Ranged Weapons
  1512 | D:2      | Reached skill level 1 in Throwing
  1512 | D:2      | Reached skill level 1 in Armour
  1512 | D:2      | Reached skill level 1 in Shields
  1512 | D:2      | Reached skill level 1 in Unarmed Combat
  1512 | D:2      | Reached skill level 1 in Spellcasting
  1512 | D:2      | Reached skill level 1 in Evocations
  1691 | D:2      | Reached XP level 4. HP: 24/34 MP: 5/5
  1962 | D:3      | Found a glowing drain.
  1975 | Sewer    | Entered a sewer
  2145 | Sewer    | Reached skill level 1 in Conjurations
  2145 | Sewer    | Reached skill level 1 in Hexes
  2145 | Sewer    | Reached skill level 1 in Summonings
  2145 | Sewer    | Reached skill level 1 in Necromancy
  2145 | Sewer    | Reached skill level 1 in Translocations
  2145 | Sewer    | Reached skill level 1 in Transmutations
  2145 | Sewer    | Reached skill level 1 in Fire Magic
  2145 | Sewer    | Reached skill level 1 in Ice Magic
  2145 | Sewer    | Reached skill level 1 in Air Magic
  2145 | Sewer    | Reached skill level 1 in Earth Magic
  2145 | Sewer    | Reached skill level 1 in Poison Magic
  2160 | Sewer    | Reached ** piety under Kikubaaqudgha
  2583 | Sewer    | Noticed a bullfrog
  2586 | Sewer    | Noticed a bullfrog
  2588 | Sewer    | Killed a bullfrog
  2589 | Sewer    | Reached XP level 5. HP: 41/41 MP: 7/7
  2596 | Sewer    | Reached XP level 6. HP: 47/47 MP: 8/8
  3061 | D:3      | Found a bloodstained altar of Trog.
  3061 | D:3      | Found a radiant altar of Vehumet.
  3393 | D:4      | Noticed Eustachio
  3787 | D:4      | Killed Eustachio
  3788 | D:4      | Reached XP level 7. HP: 37/52 MP: 10/10
  3864 | D:4      | Found a white marble altar of Elyvilon.
  4024 | D:4      | Reached *** piety under Kikubaaqudgha
  4024 | D:4      | Received a gift from Kikubaaqudgha
  4216 | D:5      | Entered Level 5 of the Dungeon
  4347 | D:5      | Found a snail-covered altar of Cheibriados.
  4371 | D:5      | Found Gyupn's Jewellery Shoppe.
  4386 | D:5      | Noticed a hornet
  4388 | D:5      | Reached skill level 10 in Stealth
  4396 | D:5      | Killed a hornet
  4397 | D:5      | Reached XP level 8. HP: 60/60 MP: 10/12
  4586 | D:5      | Found an ancient bone altar of Kikubaaqudgha.
  4592 | D:5      | Found a sparkling altar of Nemelex Xobeh.
  5009 | D:6      | Identified the amulet "Jebupim" {rPois rC+ Regen+}
  5051 | D:6      | Noticed Edmund
  5059 | D:6      | Killed Edmund
  5138 | D:6      | Reached **** piety under Kikubaaqudgha
  5139 | D:6      | Reached XP level 9. HP: 46/66 MP: 14/14
  5310 | D:6      | Reached skill level 5 in Fighting
  5310 | D:6      | Reached skill level 5 in Dodging
  5865 | D:7      | Noticed a kobold demonologist
  5868 | D:7      | Killed a kobold demonologist
  5869 | D:7      | Reached skill level 5 in Invocations
  6113 | D:7      | Noticed Menkaure
  6123 | D:7      | Killed Menkaure
  6160 | D:7      | Found a staircase to the Ecumenical Temple.
  6240 | D:7      | Noticed a gargoyle
  6337 | D:7      | Noticed a cyclops
  6410 | D:8      | Reached skill level 5 in Short Blades
  6410 | D:8      | Reached skill level 5 in Long Blades
  6410 | D:8      | Reached skill level 5 in Axes
  6410 | D:8      | Reached skill level 5 in Maces & Flails
  6410 | D:8      | Reached skill level 5 in Polearms
  6410 | D:8      | Reached skill level 5 in Ranged Weapons
  6410 | D:8      | Reached skill level 5 in Throwing
  6410 | D:8      | Reached skill level 5 in Armour
  6410 | D:8      | Reached skill level 5 in Shields
  6410 | D:8      | Reached skill level 5 in Unarmed Combat
  6410 | D:8      | Reached skill level 5 in Spellcasting
  6410 | D:8      | Reached skill level 5 in Evocations
  6410 | D:8      | Reached XP level 10. HP: 76/76 MP: 17/17
  6687 | D:8      | Reached ***** piety under Kikubaaqudgha
  7115 | D:9      | Noticed Maurice
  7132 | D:9      | Killed Maurice
  7133 | D:9      | Reached skill level 11 in Stealth
  7179 | D:9      | Found a staircase to the Orcish Mines.
  7424 | D:9      | Noticed Grum
  7435 | D:9      | Killed Grum
  7688 | D:10     | Entered Level 10 of the Dungeon
  7725 | D:10     | Noticed an orange crystal statue
  7801 | D:10     | Noticed a two-headed ogre
  7885 | D:10     | Killed a two-headed ogre
  7886 | D:10     | Reached skill level 5 in Conjurations
  7886 | D:10     | Reached skill level 5 in Hexes
  7886 | D:10     | Reached skill level 5 in Summonings
  7886 | D:10     | Reached skill level 5 in Necromancy
  7886 | D:10     | Reached skill level 5 in Translocations
  7886 | D:10     | Reached skill level 5 in Transmutations
  7886 | D:10     | Reached skill level 5 in Fire Magic
  7886 | D:10     | Reached skill level 5 in Ice Magic
  7886 | D:10     | Reached skill level 5 in Air Magic
  7886 | D:10     | Reached skill level 5 in Earth Magic
  7886 | D:10     | Reached skill level 5 in Poison Magic
  7886 | D:10     | Reached XP level 11. HP: 83/83 MP: 17/20
  8182 | D:10     | Found a runed translucent gate.
  8182 | D:10     | Found a runed translucent gate.
  8182 | D:10     | Found a runed translucent gate.
  8183 | D:10     | Noticed a brown ugly thing
  8185 | D:10     | Noticed a brown ugly thing
  8186 | D:10     | Noticed a glowing orange brain
  8186 | D:10     | Noticed a red ugly thing
  8188 | D:10     | Noticed a cyan ugly thing
  8188 | D:10     | Noticed a purple ugly thing
  8638 | D:11     | Noticed a manticore
  8658 | D:11     | Killed a manticore
  8672 | D:11     | Identified the +8 chain mail "Fenok" {Str+3}
  8727 | D:11     | Noticed a six-headed hydra
  8867 | D:11     | Found a staircase to the Lair.
  8867 | D:11     | Noticed a centaur warrior
  8885 | D:11     | Killed a centaur warrior
  8956 | D:11     | Noticed a two-headed ogre
  8960 | D:11     | Killed a two-headed ogre
  9108 | D:11     | Noticed a boulder beetle
  9115 | D:11     | Killed a boulder beetle
  9213 | D:11     | Noticed a phantasmal warrior
  9215 | D:11     | Noticed a death knight
  9215 | D:11     | Noticed a phantasmal warrior
  9278 | Lair:1   | Entered Level 1 of the Lair of Beasts
  9496 | Lair:1   | Reached XP level 12. HP: 91/91 MP: 22/22
  9724 | Lair:2   | Noticed a five-headed hydra
  9914 | Lair:2   | Reached skill level 12 in Stealth
  9943 | Lair:2   | Reached skill level 10 in Staves
 10023 | Lair:2   | Found a staircase to the Shoals.
 10138 | Lair:2   | Noticed a seven-headed hydra
 10165 | Lair:2   | Noticed a five-headed hydra
 10206 | Lair:3   | Learned a level 4 spell: Animate Dead
 10260 | Lair:3   | Noticed a death yak
 10265 | Lair:3   | Noticed a death yak
 10274 | Lair:3   | Learned a level 4 spell: Anguish
 10295 | Lair:3   | Killed a death yak
 10297 | Lair:2   | Mangled by a five-headed hydra

Illustrated notes

Levels and vault maps discovered:
D:1:      dpeg_arrival_caged_fury, layout_basic
D:2:      layout_loops_ring, ebering_ecumenical_altar_sacrificial
D:3:      layout_basic, jmf_multi_god_temple, cheibrodos_sewer_entry_sluice,
          dk_noncrumbling_2
D:4:      layout_basic, nicolae_elyvilon_peaceful_grove, feat_on_display,
          uniq_eustachio
D:5:      layout_rooms, kennysheep_slug_shrine, nicolae_overflow_squiral,
          serial_shops, shop
D:6:      layout_rooms, corexii_shack, hex_intersection,
          chequers_serial_rivers_small_3, minmay_fractal_squares_diagonal_5,
          uniq_edmund
D:7:      minmay_the_grid_octo_triangle [minmay_the_grid_octo_toaster,
          minmay_the_grid_octo_prize_square_snowflake,
          minmay_the_grid_octo_clover_2], layout_basic,
          minmay_temple_entry_antechambers, serial_glass, glass_columns_c,
          glass_columns_b, glass_columns_a, glass_columns_a, glass_columns_a,
          glass_columns_a, glass_columns_c, glass_columns_a, glass_columns_c,
          glass_columns_c, minmay_crossroads, uniq_menkaure
D:8:      layout_gridville
D:9:      layout_roguey, david_orc_2, uniq_grum, uniq_maurice
D:10:     layout_rooms, ploomutoo_gammafunk_ghost_potion_laboratory,
          minivault_16
D:11:     layout_stronghold, due_lair_maze_entry_diamond,
          minmay_increasing_density
Lair:1:   layout_hall_layers
Lair:2:   layout_layer_cave, minmay_shoals_entry_beasts,
          minmay_snake_entry_six_corridors
Lair:3:   layout_chaotic_city

Skill      XL: |  1  2  3  4  5  6  7  8  9 10 11 12 |
---------------+-------------------------------------+-----
Stealth        | 10 11 12 | 12.1
Invocations    | 1 2 3 4 5 6 7 8 |  8.4
Short Blades   | 1 2 3 5 6 7 |  7.6
Long Blades    | 1 2 3 5 6 7 |  7.6
Axes           | 1 2 3 5 6 7 |  7.6
Maces & Flails | 1 2 3 5 6 7 |  7.6
Polearms       | 1 2 3 5 6 7 |  7.6
Ranged Weapons | 1 2 3 5 6 7 |  7.6
Throwing       | 1 2 3 5 6 7 |  7.6
Armour         | 1 2 3 5 6 7 |  7.6
Shields        | 1 2 3 5 6 7 |  7.6
Unarmed Combat | 1 2 3 5 6 7 |  7.6
Spellcasting   | 1 2 3 5 6 7 |  7.6
Evocations     | 1 2 3 5 6 7 |  7.6
Conjurations   | 1 2 3 4 5 6 |  6.3
Hexes          | 1 2 3 4 5 6 |  6.3
Summonings     | 1 2 3 4 5 6 |  6.3
Necromancy     | 1 2 3 4 5 6 |  6.3
Translocations | 1 2 3 4 5 6 |  6.3
Transmutations | 1 2 3 4 5 6 |  6.3
Fire Magic     | 1 2 3 4 5 6 |  6.3
Ice Magic      | 1 2 3 4 5 6 |  6.3
Air Magic      | 1 2 3 4 5 6 |  6.3
Earth Magic    | 1 2 3 4 5 6 |  6.3
Poison Magic   | 1 2 3 4 5 6 |  6.3
Fighting       | 3 4 5 6 7 8 |  8.1
Dodging        | 3 4 5 6 7 8 |  8.1
Staves         | 7 8 9 10 | 10.1

Action                   |  1- 3 |  4- 6 |  7- 9 | 10-12 || total
-------------------------+-------+-------+-------+-------++-------
Melee: Quarterstaff      |   101 |    82 |       |       ||   183
       Bite              |     5 |    12 |    20 |    67 ||   104
       Dagger            |       |    86 |       |       ||    86
       Short sword       |       |    13 |   278 |   477 ||   768
       Hand axe          |       |     4 |       |       ||     4
Throw: Dart              |       |     5 |    29 |    42 ||    76
       Boomerang         |       |       |    21 |       ||    21
 Cast: Animate Dead      |       |       |       |     1 ||     1
Invok: Torment           |       |       |       |     2 ||     2
Evoke: Wand              |       |       |     1 |    15 ||    16
  Use: Scroll            |       |     5 |    10 |    10 ||    25
       Potion            |       |       |     2 |     3 ||     5
 Stab: Sleeping          |    16 |     6 |    10 |     9 ||    41
       Distracted        |       |       |     1 |     3 ||     4
Armor: Leather armour    |    20 |    37 |    25 |       ||    82
       Scale mail        |       |       |    75 |   112 ||   187
       Chain mail        |       |       |       |    77 ||    77
       Robe              |       |       |       |    10 ||    10
Dodge: Dodged            |    46 |   109 |    98 |   212 ||   465
Block: Buckler           |       |    21 |    61 |   184 ||   266

Table legend: (Time is in decaauts)
 A = Elapsed time spent in this place.
 B = Non-inter-level travel time spent in this place.
 C = Inter-level travel time spent in this place.
 D = Time resting spent in this place.
 E = Time spent auto-exploring this place.
 F = Levels seen in this place.
 G = Mean time per level.
                   A        B        C        D        E       F      G
               +--------+--------+--------+--------+--------+-----+--------+
         Total |  10294 |   9751 |    543 |    236 |   6732 |  15 |  686.3 |
       Dungeon |   8371 |   7838 |    533 |    236 |   5483 |  11 |  761.0 |
          Lair |    985 |    975 |     10 |      0 |    619 |   3 |  328.3 |
         Sewer |    937 |    937 |      0 |      0 |    630 |   1 |  937.0 |
               +--------+--------+--------+--------+--------+-----+--------+

Top non-repeatable levels by time:
     D:2: 980 daAuts
     D:1: 976 daAuts
   Sewer: 937 daAuts
    D:10: 822 daAuts
     D:6: 765 daAuts
     D:3: 745 daAuts
    D:11: 713 daAuts
     D:5: 703 daAuts
     D:4: 691 daAuts
     D:8: 678 daAuts
     D:7: 660 daAuts
     D:9: 632 daAuts
  Lair:1: 444 daAuts
  Lair:2: 427 daAuts
  Lair:3: 112 daAuts
